 Dungeon Crawl Stone Soup version 0.21-a0-641-geef9d7f (webtiles) character file.

16 Enish the Sneak (level 2, -7/22 HPs)
             Began as a Vampire Assassin on Dec 31, 2017.
             Was an Initiate of Uskayaw.
             Killed by nerve-wracking pain
             ... invoked by an orc priest
              (13 damage)
             ... on level 3 of the Dungeon.
             The game lasted 00:04:26 (395 turns).

Enish the Sneak (Vampire Assassin)                   Turns: 395, Time: 00:04:27

Health: -7/22      AC:  3    Str:  7 (10) XL:     2   Next: 37%
Magic:  2/2        EV: 12    Int: 10 (13) God:    Uskayaw [......]
Gold:   51         SH:  0    Dex: 14 (15) Spells: 1/1 levels left

rFire    . . .     SeeInvis +   a - +2 dagger
rCold    . . .     Gourm    .   (no shield)
rNeg     . . .     Faith    .   c - +0 robe
rPois    .         Spirit   .   (no helmet)
rElec    .         Reflect  .   d - +0 cloak
rCorr    .         Harm     .   (no gloves)
MR       .....                  (no boots)
Stlth    +++.......             (no amulet)
HPRegen  0.27/turn              (no ring)
MPRegen  0.08/turn              (no ring)

@: lethally poisoned (-7 -> -16), regenerating quickly
A: fangs 3, see invisible, unbreathing
a: Renounce Religion


You were on level 3 of the Dungeon.
You worshipped Uskayaw.
Uskayaw was noncommittal.
You were full.

You visited 1 branch of the dungeon, and saw 3 of its levels.

You collected 51 gold pieces.

Inventory:

Hand Weapons
 a - a +2 dagger (weapon)
 b - a +0 blowgun
Missiles
 e - 25 poisoned needles
 f - 2 curare-tipped needles
Armour
 c - a +0 robe (worn)
 d - a +0 cloak (worn)
Jewellery
 h - an uncursed amulet of regeneration {unknown}


   Skills:
 - Level 1.7 Fighting
 * Level 2.8 Short Blades
 - Level 1.5 Throwing
 - Level 1.1 Dodging
 * Level 6.4 Stealth


You had one spell level left.
You didn't know any spells.

Dungeon Overview and Level Annotations

Branches:
Dungeon (3/15)

Altars:
Uskayaw
The Shining One


Innate Abilities, Weirdness & Mutations

Your natural rate of healing is unusually fast.
You have razor-sharp teeth.
You have supernaturally acute eyesight. (SInv)
You can survive without breathing.


Message History

The hobgoblin shouts!
You hit the goblin but do no damage.
You feel sick.
The kobold shoots a poisoned needle.
The poisoned needle misses you.
The poisoned needle hits the hobgoblin!
The hobgoblin is poisoned.
The goblin hits you but does no damage. The hobgoblin hits you.
The hobgoblin barely misses you.
You feel sick.
The kobold shoots a poisoned needle.
The poisoned needle hits you!
You are lethally poisoned!
The hobgoblin completely misses you.
You see here a poisoned needle.
You aren't carrying any spellbooks or scrolls.
Unknown command.
You feel sick.
* * * LOW HITPOINT WARNING * * *
You feel sick.
The orc priest mumbles some strange prayers to Beogh against you.
Pain shoots through your body!
Ouch! That really hurt!
You die...

###............##.#####r.........
....#.........###.......K........
.####.......... #.....##.........
.# #..#######. #.....###...##...
.####..# ####..# ##### ###
##.....# ##.# .......#### #
#####..##
##.......%####.#...oK..###
###.#####.......@.###....# #
#...# ####..8..gg(..8.## #
###...# ##.g..gr......# #####
##.# ...K8.......8.........
.................########
......8.......8.#
................#
+##....$.....#### #.....[....#


You could see an orc priest, 3 hobgoblins, a goblin, 2 kobolds and a rat.

Vanquished Creatures
  A dart slug (D:3)
  A leopard gecko (D:2)
  3 bats
  2 goblins
  2 hobgoblins (D:3)
  A kobold (D:1)
  2 rats (D:2)
12 creatures vanquished.

Notes
Turn   | Place    | Note
-------+----------+-------------------------------------------
     0 | D:1      | Enish the Vampire Assassin began the quest for the Orb.
     0 | D:1      | Reached XP level 1. HP: 16/16 MP: 1/1
    38 | D:1      | Reached skill level 6 in Stealth
   150 | D:2      | Reached XP level 2. HP: 12/22 MP: 2/2
   250 | D:3      | Found a glowing golden altar of the Shining One.
   384 | D:3      | Found a hide-covered altar of Uskayaw.
   389 | D:3      | Became a worshipper of Uskayaw the Reveler
   395 | D:3      | Killed from afar by an orc priest

Vault maps used:
D:1:      saegor_arrival_simple_a, st_stairs_8, minmay_surrounded
D:2:      grunt_temple_overflow_magic_moments, marbit_many_paths
D:3:      eat_drink_and_be_merry_uskayaw, old_standard_altar,
          gup_sewer_entry_glass, minmay_misc_feat_secret_circle

Skill      XL: |  1 |
---------------+----+-----
Stealth        | 6 |  6.4
Fighting       | |  1.7
Short Blades   | |  2.8
Throwing       | |  1.5
Dodging        | |  1.1

Action                   || total
-------------------------++-------
Melee: Dagger            ||    46
       Bite              ||     1
  Use: Scroll            ||     3
       Potion            ||     4
 Stab: Sleeping          ||     2
  Eat: Corpse            ||     2
Armor: Robe              ||    13
Dodge: Dodged            ||    53

Table legend:
 A = Spawn XP
 B = Non-spawn XP
 C = Spawn XP percentage of total XP
 D = Spawn monster count
 E = Non-spawn monster count
 F = Spawn count percentage of total count
 G = Total turns spent on level
                    A         B        C        D         E        F      G
               +---------+---------+-------+---------+---------+-------+---------
         Total |       0 |      23 |   0.0 |       0 |      12 |   0.0 |   395
               +---------+---------+-------+---------+---------+-------+---------
           D:1 |       0 |       4 |   0.0 |       0 |       2 |   0.0 |    42
           D:2 |       0 |      10 |   0.0 |       0 |       6 |   0.0 |   116
           D:3 |       0 |       9 |   0.0 |       0 |       4 |   0.0 |   237
               +---------+---------+-------+---------+---------+-------+---------
